cohdb
Replays
Latest Replays
All Replays
Popular Replays
Top Player Replays
Match Explorer
How It Works
Community
CoH3 Stats
Reddit
Sign in to upload your games and track your stats! →
Sign in with Steam
Match 37501257
Unlisted
Match 37501257
Overview
Messages
Build Orders
End
Construct Infanterie Kompanie
Selects Breakthrough Battlegroup
Selects Assault Grenadiers
Grenadier Squad
MG 42 Machine Gun Team
Grenadier Squad
MG 42 Bunker
Construct Panzergrenadier Kompanie
Panzergrenadier Squad
251 Medium Carrier
Construct Panzer Kompanie
Selects Rapid Production
Selects Blitzkrieg
Panzergrenadier Squad
Pak 40 Anti-tank Gun Team
Panzer IV Medium Tank
Pioneer Squad
Panzer IV Medium Tank
Edgar✪
Haxpetten
SneaKerz
gb_gbg
0
0
Comments
sign in to comment!
No comments posted yet!